 Dungeon Crawl Stone Soup version 0.29-a0-284-gf9362112df (webtiles) character file.

Game seed: 10815132772821844846

342 ooooo the Conjurer (level 6, 0/40 HPs)
             Began as an Octopode Conjurer on Mar 19, 2022.
             Was an Initiate of Gozag.
             Slain by Menkaure (21 damage)
             ... on level 5 of the Dungeon.
             The game lasted 00:05:22 (4890 turns).

ooooo the Conjurer (Octopode Conjurer)              Turns: 4890, Time: 00:05:27

Health: 0/40       AC:  1    Str:  6    XL:     6   Next: 57%
Magic:  5/10       EV: 13    Int: 22    God:    Gozag
Gold:   174        SH:  0    Dex: 11    Spells: 3/10 levels left

rFire   . . .      SeeInvis .   e - +3 dagger (protect)
rCold   . . .      Faith    .   (no shield)
rNeg    . . .      Spirit   .   n - +0 hat
rPois   .          Reflect  .   (no amulet)
rElec   .          Harm     .   (no ring)
rCorr   .          Rampage  .   (no ring)
Will    .....                   (no ring)
Stlth   ++++......              (no ring)
HPRegen 0.13/turn               (no ring)
MPRegen 0.12/turn               (no ring)
                                (no ring)
                                (no ring)

@: no status effects
A: almost no armour, amphibious, 8 rings, camouflage 1, gelatinous body 1,
(nimble swimmer 1), tentacles
a: Renounce Religion, Potion Petition, Call Merchant, Bribe Branch


You were on level 5 of the Dungeon.
You worshipped Gozag.
Gozag was aware of your devotion.
You visited 2 branches of the dungeon, and saw 6 of its levels.

You collected 247 gold pieces.
You paid 73 gold pieces to Gozag.

Inventory:

Hand Weapons
 b - a +0 rapier
 e - a +3 dagger of protection (weapon)
 f - a +0 vorpal mace
 l - a +0 dagger of speed
Armour
 i - a +0 buckler
 n - a +0 hat (worn)
Wands
 d - a wand of paralysis (6)
Scrolls
 c - a scroll of identify
Potions
 a - 3 potions of magic
 h - a potion of brilliance
 k - 2 potions of curing
 m - 2 potions of heal wounds {unknown}
 o - 2 potions of berserk rage


   Skills:
 + Level 2.3 Fighting
 + Level 3.1 Dodging
 + Level 4.6 Stealth
 + Level 2.9 Spellcasting
 + Level 5.1 Conjurations
 + Level 1.7 Hexes


You had 3 spell levels left.
You knew the following spells:

 Your Spells              Type           Power      Damage    Failure   Level
a - Searing Ray           Conj           50%        2d6       2%          2
b - Magic Dart            Conj           100%       1d8       1%          1
c - Fulminant Prism       Conj/Hex       9%         3d7       30%         4

Your spell library contained the following spells:

 Spells                   Type           Power      Damage    Failure   Level
 Foxfire                  Conj/Fire      56%        2x1d6     4%          1
 Dazzling Flash           Conj/Hex       36%        N/A       9%          3
 Conjure Flame            Conj/Fire      14%        6-21      13%         3
 Inner Flame              Hex/Fire       7%         N/A       26%         3
 Portal Projectile        Hex/Tloc       14%        N/A       26%         3
 Call Canine Familiar     Summ           3%         N/A       36%         3
 Flame Wave               Conj/Fire      14%        2d6       41%         4
 Iskenderun's Mystic Bla  Conj/Tloc      14%        2d5       41%         4
 Leda's Liquefaction      Hex/Erth       3%         N/A       65%         4
 Blade Hands              Tmut           1%         N/A       98%         5
 Excruciating Wounds      Necr           1%         N/A       98%         5


Dungeon Overview and Level Annotations

Branches:
Dungeon (5/15)             Temple (1/1) D:4

Altars:
Cheibriados
Dithmenos
Elyvilon
Fedhas
Gozag
Hepliaklqana
Makhleb
Qazlal
Ru
Uskayaw
Yredelemnul
Zin
The Shining One

Shops:
D:1 (   D:3 (

Annotations:
D:3 2 transporters
D:5 Menkaure


Innate Abilities, Weirdness & Mutations

You cannot wear most types of armour.
You are amphibious.
You can wear up to eight rings at the same time.
Your skin changes colour to match your surroundings (Stealth+).
Your rubbery body absorbs attacks. (AC +1, EV +1)
((You are camouflaged when in or above water. (Stealth+)))
You have tentacles for arms and can constrict up to eight enemies at once.


Message History

The black bear is almost dead. (Press . to maintain the ray.)
You constrict the black bear, but do no damage.
The black bear goes berserk!
The searing ray hits the black bear.
The black bear is almost dead.
You constrict the black bear.
You kill the black bear!
Your Dodging skill increases to level 3!
Magic restored.
Found a stone staircase leading up.
You now have 174 gold pieces (gained 7).
There is a stone staircase leading up here.
Menkaure, Prince of Dust comes into view.
Menkaure is nearby!
Menkaure shouts!
Menkaure mumbles some strange words.
Menkaure seems to speed up.
Casting: Searing Ray (safe; 2% risk of failure)
Confirm with . or Enter, or press ? or * to list all spells.
Aiming: Searing Ray (safe; 2% risk of failure)
Press: ? - help, Shift-Dir - straight line, f - Menkaure
Aim: Menkaure (fast, 90% to hit)
The searing ray misses Menkaure. (Press . to maintain the ray.) Unknown command.
The searing ray hits Menkaure!
Menkaure is moderately damaged.
The searing ray hits Menkaure.
Menkaure is heavily damaged.
Menkaure calls on the powers of darkness!
Your body is wracked with pain!
The searing ray hits Menkaure.
Menkaure is almost destroyed.
You finish channelling your searing ray.
Menkaure murmurs in an indecipherable tongue.
Menkaure hits you!!
Ouch! That really hurt!
You die...
Your body crumbles into a pile of gold.

.... ###.#### ...
#.<....# #.#
#.#.##.#
...####.#####.#.##.#
#..............##.#
######.#####.####<#
#.# #.####.#
##.#####......#
#.@....########
#.M###.# #..# ....
#.... ...... ##.....
##.....


You could see Menkaure (fast).

Vanquished Creatures
  A black bear (D:5)
  A scorpion (D:4)
  2 hounds
  3 gnolls (D:2)
  2 adders (D:4)
  2 worms (D:2)
  4 dart slugs
  2 orcs
  6 ball pythons
  4 endoplasms (D:1)
  5 giant cockroaches
  6 goblins
  6 hobgoblins
  3 jackals (D:4)
  6 quokkas
  2 bats
  3 frilled lizards (D:1)
  8 kobolds
  5 rats
71 creatures vanquished.

Notes
Turn   | Place    | Note
-------+----------+-------------------------------------------
     0 | D:1      | ooooo the Octopode Conjurer began the quest for the Orb.
     0 | D:1      | Reached XP level 1. HP: 11/11 MP: 3/3
    41 | D:1      | Found Turiad's Antique Weapon Emporium.
   258 | D:1      | Reached XP level 2. HP: 5/17 MP: 0/5
   586 | D:1      | Learned a level 2 spell: Searing Ray
  1343 | D:1      | Reached XP level 3. HP: 22/22 MP: 6/6
  1899 | D:2      | Reached skill level 1 in Fighting
  2579 | D:2      | Reached XP level 4. HP: 28/28 MP: 7/7
  2653 | D:2      | Found a glowing golden altar of the Shining One.
  2669 | D:2      | Learned a level 4 spell: Fulminant Prism
  3097 | D:3      | Found a transporter.
  3273 | D:3      | Reached XP level 5. HP: 30/33 MP: 3/8
  3424 | D:3      | Found a transporter.
  3830 | D:3      | Found Jusk's Weapon Emporium.
  4055 | D:4      | Reached skill level 1 in Hexes
  4149 | D:4      | Reached skill level 5 in Conjurations
  4300 | D:4      | Reached XP level 6. HP: 39/39 MP: 10/10
  4371 | D:4      | Found a staircase to the Ecumenical Temple.
  4410 | Temple   | Entered the Ecumenical Temple
  4645 | Temple   | Became a worshipper of Gozag Ym Sagoz the Greedy
  4833 | D:5      | Entered Level 5 of the Dungeon
  4833 | D:5      | Noticed a black bear
  4838 | D:5      | Killed a black bear
  4883 | D:5      | Noticed Menkaure
  4890 | D:5      | Slain by Menkaure

Illustrated notes

Levels and vault maps discovered:
D:1:      noname_arrival_rooms_in_the_neighbourhood, layout_basic, serial_shops,
          shop, minmay_pentomino_u4
D:2:      layout_basic, basic_altar, minmay_3d_cube
D:3:      gammafunk_steamed_eel, layout_loops_corners, serial_shops, shop,
          minivault_24, kennysheep_big_empty_room
D:4:      layout_rooms, minmay_temple_entry_tees
D:5:      layout_loops_corners, patterned_corridor, uniq_pikel, uniq_menkaure,
          uniq_eustachio
Temple:   dpeg_five_rooms_temple

Skill      XL: |  1  2  3  4  5  6 |
---------------+-------------------+-----
Stealth        | 3 4 |  4.6
Fighting       | 1 2 |  2.3
Hexes          | 1 |  1.7
Conjurations   | 5 |  5.1
Dodging        | 3 |  3.1
Spellcasting   | |  2.9

Action                   |  1- 3 |  4- 6 || total
-------------------------+-------+-------++-------
Melee: Unarmed           |     8 |       ||     8
       Constrict         |    13 |    14 ||    27
       Rapier            |    21 |       ||    21
       Tentacles         |     5 |    12 ||    17
       Dagger            |    35 |    51 ||    86
 Cast: Magic Dart        |    18 |       ||    18
       Searing Ray       |     2 |    10 ||    12
  Use: Scroll            |       |     6 ||     6
 Stab: Sleeping          |    12 |     6 ||    18
Armor: Skin              |    13 |    18 ||    31
Dodge: Dodged            |    38 |    38 ||    76

Table legend: (Time is in decaauts)
 A = Elapsed time spent in this place.
 B = Non-inter-level travel time spent in this place.
 C = Inter-level travel time spent in this place.
 D = Time resting spent in this place.
 E = Time spent auto-exploring this place.
 F = Levels seen in this place.
 G = Mean time per level.
                   A        B        C        D        E       F      G
               +--------+--------+--------+--------+--------+-----+--------+
         Total |   4894 |   4632 |    262 |    358 |   3623 |   6 |  815.7 |
       Dungeon |   4625 |   4517 |    108 |    358 |   3518 |   5 |  925.0 |
        Temple |    269 |    115 |    154 |      0 |    105 |   1 |  269.0 |
               +--------+--------+--------+--------+--------+-----+--------+

Top non-repeatable levels by time:
     D:1: 1895 daAuts
     D:2: 1218 daAuts
     D:3: 882 daAuts
     D:4: 572 daAuts
  Temple: 269 daAuts
     D:5: 56 daAuts
